 Seeded DCSS version 0.31-a0-431-g88bdf31 (webtiles) character file.

Game seed: 3330298211782086287 (custom seed)

16944 PurpleRed the Nimble (level 12, -1/135 (141) HPs)
             Began as a Gnoll Gladiator on July 31, 2023.
             Was an Elder of Okawaru.
             Slain by a lorocyproca (7 damage)
             ... on level 3 of the Abyss.
             The game lasted 00:50:16 (12686 turns).

PurpleRed the Nimble (Gnoll Gladiator)             Turns: 12686, Time: 00:50:17

HP:   -1/135 (141)  AC: 26    Str: 16    XL:     12   Next: 42%
MP:   10/23         EV:  2    Int:  8    God:    Okawaru [****..]
Gold: 1362          SH:  0    Dex: 14    Spells: 16/25 levels left

rFire   . . .        Q - +3 dire flail
rCold   . . .        (shield currently unavailable)
rNeg    . . .        b - melded +2 ring mail {rF+}
rPois   +            c - melded +1 helmet
rElec   .            p - melded scarf {repulsion}
rCorr   .            X - melded +1 pair of gloves
SInv    .            E - melded +1 pair of boots
Will    .....        (no amulet)
Stlth   ++++         v - ring of flight
HPRegen 0.42/turn    w - +5 ring of evasion
MPRegen 0.18/turn

%: no passive effects
@: tree-form, lightly drained, invisible
A: stationary, stasis, torment immunity, boosted hp, (fangs 1), strong nose,
distributed training, [weak 1]
a: Renounce Religion, Heroism, Finesse


You were on level 3 of the Abyss.
You worshipped Okawaru.
Okawaru was greatly pleased with you.
You were a tree.
You visited 1 branch of the dungeon, and saw 11 of its levels.
You visited the Abyss 2 times.
You also visited: Sewer and Bailey.

You collected 1362 gold pieces.

Inventory:

Hand Weapons
 g - a +4 battleaxe
 A - a +0 lajatang of flaming
 J - a +0 dagger of speed
 Q - a +3 dire flail (weapon)
 U - a +5 falchion of freezing
 Y - a +4 flail of freezing
Missiles
 d - 6 throwing nets
 e - 15 javelins
 o - 3 datura-tipped darts
 x - 9 curare-tipped darts
 G - 12 atropa-tipped darts
 K - 15 boomerangs
 W - 50 poisoned darts (quivered)
Armour
 b - a +2 ring mail of fire resistance (melded)
 c - a +1 helmet (melded)
 h - a +0 scale mail
 p - a scarf of repulsion (melded)
 z - a scarf of invisibility
 C - a +0 plate armour
 E - a +1 pair of boots (melded)
 L - a +1 leather armour of positive energy
 M - a +2 leather armour of fire resistance
 X - a +1 pair of gloves (melded)
 Z - the +0 buckler of Syndicalism {Will+}
   (You found it in a bailey)

   Will:      It increases your willpower.
Jewellery
 s - a ring of magical power
 v - a ring of flight (left branch)
 w - a +5 ring of evasion (right branch)
Wands
 y - a wand of flame (14)
 H - a wand of mindburst (5)
 N - a wand of polymorph (12)
 S - a wand of roots (19)
 V - a wand of acid (3)
Scrolls
 a - 2 scrolls of vulnerability
 q - a scroll of fog
 t - a scroll of summoning
 u - a scroll of amnesia
 D - a scroll of fear {unknown}
 F - a scroll of blinking {unknown}
 O - a scroll of teleportation
 P - 2 scrolls of enchant armour
 R - a scroll of revelation
Potions
 f - 2 potions of enlightenment
 i - a potion of resistance
 j - a potion of haste
 l - a potion of cancellation
 m - a potion of attraction {unknown}
 r - a potion of magic {unknown}
 B - a potion of brilliance {unknown}
 I - 2 potions of ambrosia
 T - a potion of lignification


   Skills:
 + Level 8.8 Fighting
 + Level 7.4 Short Blades
 + Level 7.4 Long Blades
 + Level 7.4 Axes
 + Level 10.0 Maces & Flails
 + Level 7.4 Polearms
 + Level 7.4 Staves
 + Level 7.4 Ranged Weapons
 + Level 8.8 Throwing
 + Level 7.4 Armour
 + Level 10.0 Dodging
 + Level 7.4 Stealth
 + Level 7.4 Shields
 + Level 7.4 Unarmed Combat
 + Level 7.4 Spellcasting
 + Level 6.1 Conjurations
 + Level 6.1 Hexes
 + Level 6.1 Summonings
 + Level 6.1 Necromancy
 + Level 6.1 Translocations
 + Level 6.1 Transmutations
 + Level 6.1 Fire Magic
 + Level 6.1 Ice Magic
 + Level 6.1 Air Magic
 + Level 6.1 Earth Magic
 + Level 6.1 Poison Magic
 + Level 8.1 Invocations
 + Level 7.4 Evocations
 + Level 6.1 Shapeshifting


You had 16 spell levels left.
You knew the following spells:

 Your Spells              Type           Power      Damage    Failure   Level
a - Fulminant Prism       Conj/Hex       6%         3d7       16%         4
b - Blink                 Tloc           24%        N/A       2%          2
c - Ozocubu's Armour      Ice            12%        N/A       4%          3

Your spell library contained the following spells:

 Spells                   Type           Power      Damage    Failure   Level
 Scorch                   Fire           24%        2d6       2%          2
 Volatile Blastmotes      Fire/Tloc      24%        2d12      4%          3
 Flame Wave               Conj/Fire      12%        2d6       16%         4
 Iskenderun's Mystic Bla  Conj/Tloc      12%        2d5       16%         4
 Manifold Assault         Tloc           12%        N/A       16%         4
 Metabolic Englaciation   Hex/Ice        6%         N/A       41%         5
 Simulacrum               Ice/Necr       Unusable   N/A       N/A         6
 Summon Cactus Giant      Summ           Unusable   N/A       N/A         6

Dungeon Overview and Level Annotations

Branches:
Dungeon (11/15)            Temple (0/1) D:7            Lair (0/5) D:8
    Orc (0/2) D:11          Sewer (visited)          Bailey (visited)

Altars:
Ashenzari
Dithmenos
Kikubaaqudgha
Makhleb
Okawaru
Ru
Wu Jian
Yredelemnul
Jiyva

Annotations:
D:1 2 runed translucent doors
D:8 2 transporters, 1 runed translucent door, exclusion: orange crystal statue


Innate Abilities, Weirdness & Mutations

You are a tree.
Your roots penetrate the ground, keeping you stationary.
You cannot be teleported.
You are immune to unholy pain and torment.
Your maximum health is greatly increased.
Your equipment is partially melded.
((You have very sharp teeth.))
Your uncanny sense of smell can sniff out nearby items.
Your experience applies equally to all skills.
[You are weak. (Str -2)]


Message History

The chaos spawn is moderately wounded.
The chaos spawn completely misses you.
You completely miss the chaos spawn.
The chaos spawn is moderately wounded.
The chaos spawn completely misses you.
You bludgeon the chaos spawn!!
The chaos spawn is severely wounded.
The chaos spawn misses you.
You closely miss the chaos spawn.
The chaos spawn is severely wounded.
You hit the chaos spawn. Your bite misses the chaos spawn.
The chaos spawn is severely wounded.
You start to feel less resistant.
The chaos spawn gores you but does no damage.
You sock the chaos spawn!
You kill the chaos spawn!
Okawaru accepts your kill.
The chaos spawn degenerates into a cloud of primal chaos!
Your resistance to elements expires.
You start resting.
You hear a chilling moan.
Something completely misses you.
You start resting.
Something barely misses you.
Deactivating autopickup; reactivate with Ctrl-A.
You closely miss something. Your bite misses something. Something hits you!!
You feel your power leaking away.
You fade into invisibility!
Something hits you!!
* * * LOW HITPOINT WARNING * * *
You feel your power leaking away.
It was a potion of lignification.
You turn into a tree.
Your scarf of repulsion melds into your body.
Your +1 helmet melds into your body.
Your +1 pair of gloves melds into your body.
Your +1 pair of boots melds into your body.
Your +2 ring mail of fire resistance melds into your body.
The haze of the repulsion field disappears.
You feel less resistant to fire.
Your roots penetrate the ground.
Something hits you!
You die...

#. .###
###. #
#...##
#..#.# #
.# #.###
.# # # .
#..#...##
# . #♣#.#
.. # #..
###.#..
.# # #...
#. # . #
#### # #
.#.##..
.# . # #.
. .# #. #
.# # # #.
.. .#


There were no monsters in sight!

Vanquished Creatures
  Erica (D:9)
  3 two-headed ogres
  A thrashing horror (Abyss:2)
  A wretched star (Abyss:2)
  A sixfirhy (Abyss:2)
  A glowing orange brain (Abyss:2)
  A bunyip skeleton (Abyss:2)
  3 wizards
  Joseph (D:7)
  A smoke demon (Abyss:2)
  A gargoyle (D:10)
  A rust devil (Abyss:2)
  An unseen horror (D:11)
  3 large abominations
  A shadow (D:9)
  Sigmund (D:4)
  2 fire elementals (Abyss:2)
  8 yaks
  A yak (shapeshifter) (Abyss:2)
  A golden eye (Abyss:2)
  A steam dragon (D:8)
  Menkaure (D:4)
  2 chaos spawn (Abyss:3)
  A neqoxec (Abyss:2)
  2 vampire mosquitoes (D:10)
  4 water moccasins
  6 orc warriors
  4 black bears
  A sky beast (D:7)
  6 centaurs
  9 kobold brigands
  2 scorpions (D:5)
  3 bullfrogs
  3 small abominations (Abyss:2)
  20 wights
  3 howler monkeys
  4 electric eels (D:6)
  A crimson imp (Abyss:2)
  A jelly (D:3)
  An iron imp (Abyss:2)
  8 orc priests
  2 gnoll boudas
  5 iguanas (D:6)
  10 orc wizards
  9 adders
  10 gnolls
  4 white imps
  3 ufetubi (Abyss:2)
  3 worms (D:2)
  3 dart slugs
  34 orcs
  4 ball pythons
  11 bats
  12 endoplasms
  10 giant cockroaches
  8 goblins
  9 hobgoblins
  13 jackals
  28 kobolds
  7 quokkas
  3 frilled lizards
  5 rats
310 creatures vanquished.

Vanquished Creatures (collateral kills)
  An orc warrior (Bailey)
1 creature vanquished.

Vanquished Creatures (others)
  Psyche (D:9)
  A golden eye (Abyss:2)
  An orc wizard (D:9)
  2 fulminant prisms (D:8)
  3 starspawn tentacles (Abyss:3)
8 creatures vanquished.

Grand Total: 319 creatures vanquished

Notes
Turn   | Place    | Note
-------+----------+-------------------------------------------
     0 | D:1      | PurpleRed the Gnoll Gladiator began the quest for the Orb.
     0 | D:1      | Reached XP level 1. HP: 20/20 MP: 1/1
   152 | D:1      | Reached XP level 2. HP: 26/26 MP: 2/2
   590 | D:1      | Reached XP level 3. HP: 31/31 MP: 3/3
   840 | D:1      | Reached skill level 1 in Invocations
  1055 | D:1      | Found a large runed translucent door.
  1055 | D:1      | Found a large runed translucent door.
  1055 | D:1      | Found a viscous altar of Jiyva.
  1357 | D:2      | Reached skill level 1 in Short Blades
  1357 | D:2      | Reached skill level 1 in Long Blades
  1357 | D:2      | Reached skill level 1 in Axes
  1357 | D:2      | Reached skill level 1 in Polearms
  1357 | D:2      | Reached skill level 1 in Staves
  1357 | D:2      | Reached skill level 1 in Ranged Weapons
  1357 | D:2      | Reached skill level 1 in Armour
  1357 | D:2      | Reached skill level 1 in Stealth
  1357 | D:2      | Reached skill level 1 in Shields
  1357 | D:2      | Reached skill level 1 in Unarmed Combat
  1357 | D:2      | Reached skill level 1 in Spellcasting
  1357 | D:2      | Reached skill level 1 in Evocations
  1395 | D:2      | Reached XP level 4. HP: 38/38 MP: 5/5
  1560 | D:2      | Found a faded altar of an unknown god.
  1581 | D:2      | Reached skill level 1 in Conjurations
  1581 | D:2      | Reached skill level 1 in Hexes
  1581 | D:2      | Reached skill level 1 in Summonings
  1581 | D:2      | Reached skill level 1 in Necromancy
  1581 | D:2      | Reached skill level 1 in Translocations
  1581 | D:2      | Reached skill level 1 in Transmutations
  1581 | D:2      | Reached skill level 1 in Fire Magic
  1581 | D:2      | Reached skill level 1 in Ice Magic
  1581 | D:2      | Reached skill level 1 in Air Magic
  1581 | D:2      | Reached skill level 1 in Earth Magic
  1581 | D:2      | Reached skill level 1 in Poison Magic
  1581 | D:2      | Reached skill level 1 in Shapeshifting
  1999 | D:2      | Reached XP level 5. HP: 43/43 MP: 5/7
  2431 | D:3      | Found an iron altar of Okawaru.
  2437 | D:3      | Became a worshipper of Warmaster Okawaru
  2921 | D:4      | Identified a scroll of acquirement
  2921 | D:4      | Acquired 702 gold pieces
  3053 | D:4      | Noticed Menkaure
  3070 | D:4      | Killed Menkaure
  3070 | D:4      | Reached * piety under Okawaru
  3071 | D:4      | Reached skill level 5 in Fighting
  3071 | D:4      | Reached skill level 5 in Throwing
  3071 | D:4      | Reached XP level 6. HP: 22/51 MP: 7/9
  3383 | D:4      | Found a shadowy altar of Dithmenos.
  3423 | D:4      | Noticed Sigmund
  3432 | D:4      | Killed Sigmund
  3433 | D:4      | Reached XP level 7. HP: 51/56 MP: 7/10
  3571 | D:5      | Entered Level 5 of the Dungeon
  3577 | D:5      | Reached ** piety under Okawaru
  3870 | D:5      | Reached XP level 8. HP: 63/63 MP: 12/12
  4073 | D:5      | Found a glowing drain.
  4081 | Sewer    | Entered a sewer
  4726 | D:6      | Reached *** piety under Okawaru
  5111 | D:6      | Reached XP level 9. HP: 58/69 MP: 14/14
  5725 | D:6      | Found a burning altar of Makhleb.
  5892 | D:7      | Noticed Joseph
  5912 | D:7      | Killed Joseph
  5989 | D:7      | Found a staircase to the Ecumenical Temple.
  6020 | D:7      | Reached **** piety under Okawaru
  6192 | D:7      | Reached skill level 5 in Invocations
  6245 | D:7      | Found a sacrificial altar of Ru.
  6275 | D:7      | Found an ornate altar of the Wu Jian Council.
  6654 | D:8      | Found a staircase to the Lair.
  6658 | D:8      | Found a transporter.
  6660 | D:8      | Found a transporter.
  6693 | D:8      | Reached XP level 10. HP: 26/77 MP: 15/17
  6700 | D:8      | Reached skill level 5 in Short Blades
  6700 | D:8      | Reached skill level 5 in Long Blades
  6700 | D:8      | Reached skill level 5 in Axes
  6700 | D:8      | Reached skill level 5 in Polearms
  6700 | D:8      | Reached skill level 5 in Staves
  6700 | D:8      | Reached skill level 5 in Ranged Weapons
  6700 | D:8      | Reached skill level 5 in Armour
  6700 | D:8      | Reached skill level 5 in Stealth
  6700 | D:8      | Reached skill level 5 in Shields
  6700 | D:8      | Reached skill level 5 in Unarmed Combat
  6700 | D:8      | Reached skill level 5 in Spellcasting
  6700 | D:8      | Reached skill level 5 in Evocations
  6919 | D:8      | Reached ***** piety under Okawaru
  7056 | D:8      | Noticed a skeletal warrior
  7058 | D:8      | Found an ancient bone altar of Kikubaaqudgha.
  7093 | D:8      | Noticed a death knight
  7096 | D:8      | Found a basalt altar of Yredelemnul.
  7348 | D:8      | Found the +10 tower shield of Ignorance {rN+ Int-4}
  7355 | D:8      | Found a runed translucent door.
  7356 | D:8      | Noticed an orange crystal statue
  7375 | D:8      | Found a runed translucent door.
  7446 | D:8      | Received a gift from Okawaru
  8050 | D:8      | Learned a level 4 spell: Fulminant Prism
  8398 | D:9      | Noticed Psyche
  8404 | D:9      | Paralysed by Psyche for 5 turns
  8449 | D:9      | Killed Psyche
  8675 | D:9      | Found a flagged portal.
  8689 | Bailey   | Entered a bailey
  8969 | Bailey   | Found a burning altar of Makhleb.
  8983 | Bailey   | Identified the +0 buckler of Syndicalism {Will+}
  9088 | D:9      | Noticed a two-headed ogre
  9101 | D:9      | Killed a two-headed ogre
  9170 | D:9      | Found a broken altar of Ashenzari.
  9259 | D:9      | Noticed Erica
  9270 | D:9      | Reached XP level 11. HP: 62/84 MP: 16/19
  9282 | D:9      | Killed Erica
  9283 | D:9      | Reached skill level 5 in Conjurations
  9283 | D:9      | Reached skill level 5 in Hexes
  9283 | D:9      | Reached skill level 5 in Summonings
  9283 | D:9      | Reached skill level 5 in Necromancy
  9283 | D:9      | Reached skill level 5 in Translocations
  9283 | D:9      | Reached skill level 5 in Transmutations
  9283 | D:9      | Reached skill level 5 in Fire Magic
  9283 | D:9      | Reached skill level 5 in Ice Magic
  9283 | D:9      | Reached skill level 5 in Air Magic
  9283 | D:9      | Reached skill level 5 in Earth Magic
  9283 | D:9      | Reached skill level 5 in Poison Magic
  9283 | D:9      | Reached skill level 5 in Shapeshifting
  9885 | D:10     | Entered Level 10 of the Dungeon
 10028 | D:10     | Received a gift from Okawaru
 10079 | D:10     | Noticed a two-headed ogre
 10091 | D:10     | Killed a two-headed ogre
 10186 | D:10     | Learned a level 2 spell: Blink
 10190 | D:10     | Learned a level 3 spell: Ozocubu's Armour
 10323 | D:10     | Received a gift from Okawaru
 10963 | D:11     | Found a staircase to the Orcish Mines.
 11042 | D:11     | Noticed a two-headed ogre
 11083 | D:11     | Killed a two-headed ogre
 11275 | D:11     | Noticed a wizard
 11285 | D:11     | Killed a wizard
 11285 | D:11     | Received a gift from Okawaru
 11292 | D:11     | Noticed a wizard
 11313 | Abyss:2  | Cast into level 2 of the Abyss (a wizard)
 11389 | Abyss:2  | Noticed a wizard
 11403 | Abyss:2  | Killed a wizard
 11429 | Abyss:2  | Received a gift from Okawaru
 11448 | Abyss:2  | Noticed a thrashing horror
 11502 | Abyss:2  | Found a shimmering blue altar of Sif Muna.
 11503 | Abyss:2  | Noticed a deep elf sorcerer
 11596 | Abyss:2  | Noticed a tentacled starspawn
 11622 | Abyss:2  | Noticed a glowing orange brain
 11633 | Abyss:2  | Killed a glowing orange brain
 11691 | Abyss:2  | Reached XP level 12. HP: 77/94 MP: 22/22
 11696 | Abyss:2  | Found a shimmering blue altar of Sif Muna.
 11722 | Abyss:2  | Noticed a vampire mage
 11727 | Abyss:2  | Noticed a wretched star
 11779 | Abyss:2  | Noticed a rakshasa
 11916 | Abyss:2  | Noticed a thrashing horror
 11927 | Abyss:2  | Noticed a tentacled monstrosity
 11934 | Abyss:2  | Killed a thrashing horror
 11957 | Abyss:2  | Noticed a bunyip
 12066 | Abyss:2  | Noticed a dread lich
 12084 | Abyss:2  | Noticed a vampire mage
 12273 | Abyss:2  | Noticed a wretched star
 12297 | Abyss:2  | Killed a wretched star
 12300 | D:11     | Escaped the Abyss
 12399 | Abyss:3  | Cast into level 3 of the Abyss (a wizard)
 12472 | Abyss:3  | Found a corrupted altar of Lugonu.
 12475 | Abyss:3  | Noticed a wretched star
 12530 | Abyss:3  | Reached skill level 10 in Maces & Flails
 12530 | Abyss:3  | Reached skill level 10 in Dodging
 12550 | Abyss:3  | Noticed a lich
 12585 | Abyss:3  | Found a corrupted altar of Lugonu.
 12586 | Abyss:3  | Found a corrupted altar of Lugonu.
 12586 | Abyss:3  | Noticed a tentacled starspawn
 12587 | Abyss:3  | Noticed a starcursed mass
 12588 | Abyss:3  | Found a corrupted altar of Lugonu.
 12592 | Abyss:3  | Noticed a white draconian stormcaller
 12685 | Abyss:3  | HP: 4/90 [something (30)]
 12686 | Abyss:3  | Slain by a lorocyproca

Illustrated notes

Levels and vault maps discovered:
D:1:      erik_arrival_cave_to_civilisation [erik_arrival_cave_to_temple],
          layout_basic
D:2:      layout_loops_corners, hellmonk_ecumenical_altar_crossroads,
          grunt_decor_mini_mirrors, minmay_hexomino_f4
D:3:      layout_rooms, okawaru_ov_weapons_minmay
D:4:      layout_rooms, nicolae_dithmenos_the_darkroom, serial_bayou_pond_e,
          uniq_sigmund, uniq_menkaure
D:5:      layout_layer_cave, portal_sewer_entry_f
D:6:      layout_rooms, mainiacjoe_overflow_alcove_2, serial_bayou,
          serial_bayou_pond_b, serial_bayou_lake_a, serial_bayou_pond_e
D:7:      layout_basic, nicolae_ru_great_annihilating_truth,
          nzn_wu_jian_contemplation, temple_statues, kennysheep_generic_room_3,
          uniq_joseph
D:8:      layout_rooms, gammafunk_temple_of_torment, hangedman_decor_slide_cut,
          chequers_guarded_unrand_ignorance
D:9:      layout_cave_pools, mainiacjoe_overflow_chevrons, enter_bailey_7,
          nicolae_hexahallways, uniq_psyche, uniq_erica
D:10:     layout_long_grid
D:11:     minmay_smoke_and_mirrors, layout_loops_corners, orc_0_dummy
Abyss:3:  base: Temple, nicolae_abyss_rune_left_handed, evilmike_abyss_exit_7,
          gammafunk_abyss_exit_x_factor, hangedman_decor_lopped,
          grunt_abyss_rune_forest_and_sorcery

Skill      XL: |  1  2  3  4  5  6  7  8  9 10 11 12 |
---------------+-------------------------------------+-----
Invocations    | 1 2 3 4 5 6 7 8 |  8.1
Short Blades   | 1 2 3 4 5 6 7 |  7.4
Long Blades    | 1 2 3 4 5 6 7 |  7.4
Axes           | 1 2 3 4 5 6 7 |  7.4
Polearms       | 1 2 3 4 5 6 7 |  7.4
Staves         | 1 2 3 4 5 6 7 |  7.4
Ranged Weapons | 1 2 3 4 5 6 7 |  7.4
Armour         | 1 2 3 4 5 6 7 |  7.4
Stealth        | 1 2 3 4 5 6 7 |  7.4
Shields        | 1 2 3 4 5 6 7 |  7.4
Unarmed Combat | 1 2 3 4 5 6 7 |  7.4
Spellcasting   | 1 2 3 4 5 6 7 |  7.4
Evocations     | 1 2 3 4 5 6 7 |  7.4
Conjurations   | 1 2 3 4 5 6 |  6.1
Hexes          | 1 2 3 4 5 6 |  6.1
Summonings     | 1 2 3 4 5 6 |  6.1
Necromancy     | 1 2 3 4 5 6 |  6.1
Translocations | 1 2 3 4 5 6 |  6.1
Transmutations | 1 2 3 4 5 6 |  6.1
Fire Magic     | 1 2 3 4 5 6 |  6.1
Ice Magic      | 1 2 3 4 5 6 |  6.1
Air Magic      | 1 2 3 4 5 6 |  6.1
Earth Magic    | 1 2 3 4 5 6 |  6.1
Poison Magic   | 1 2 3 4 5 6 |  6.1
Shapeshifting  | 1 2 3 4 5 6 |  6.1
Fighting       | 5 6 7 8 |  8.8
Throwing       | 5 6 7 8 |  8.8
Maces & Flails | 7 8 9 10 | 10.0
Dodging        | 7 8 9 10 | 10.0

Action                     |  1- 3 |  4- 6 |  7- 9 | 10-12 || total
---------------------------+-------+-------+-------+-------++-------
  Melee: Flail             |   132 |    57 |       |       ||   189
         Bite              |    12 |    16 |    45 |    80 ||   153
         Punch             |     1 |     1 |       |       ||     2
         Mace              |       |    22 |       |       ||    22
         Lajatang          |       |    61 |   147 |       ||   208
         Dire flail        |       |       |   176 |   716 ||   892
         Dagger            |       |       |       |     1 ||     1
  Throw: Javelin           |     1 |       |       |     6 ||     7
         Boomerang         |       |       |    28 |       ||    28
         Throwing net      |       |       |     1 |       ||     1
         Dart              |       |       |       |    26 ||    26
   Cast: Fulminant Prism   |       |       |       |     2 ||     2
         Ozocubu's Armour  |       |       |       |     3 ||     3
 Invoke: Heroism           |       |     1 |     4 |    19 ||    24
         Finesse           |       |       |       |     1 ||     1
  Evoke: Wand              |       |       |     4 |     2 ||     6
    Use: Scroll            |       |    10 |     2 |    10 ||    22
         Potion            |       |     1 |       |    11 ||    12
   Stab: Sleeping          |     1 |       |     1 |     1 ||     3
         Paralysed         |       |       |     1 |       ||     1
         Distracted        |       |       |       |     1 ||     1
 Armour: Leather armour    |    41 |    19 |       |       ||    60
         Chain mail        |       |    15 |       |       ||    15
         Scale mail        |       |     3 |   103 |    56 ||   162
         Ring mail         |       |       |       |    92 ||    92
         Skin              |       |       |       |     1 ||     1
  Dodge: Dodged            |   103 |   102 |   268 |   498 ||   971
         Repelled          |       |       |     2 |     7 ||     9

Table legend: (Time is in decaauts)
 A = Elapsed time spent in this place.
 B = Non-inter-level travel time spent in this place.
 C = Inter-level travel time spent in this place.
 D = Time resting spent in this place.
 E = Time spent auto-exploring this place.
 F = Levels seen in this place.
 G = Mean time per level.
                   A        B        C        D        E       F      G
               +--------+--------+--------+--------+--------+-----+--------+
         Total |  12526 |  12155 |    371 |   1364 |   6285 |  15 |  835.1 |
       Dungeon |  10902 |  10531 |    371 |    960 |   6236 |  11 |  991.1 |
         Abyss |   1177 |   1177 |      0 |    400 |      0 |   2 |  588.5 |
         Sewer |    123 |    123 |      0 |      0 |     49 |   1 |  123.0 |
        Bailey |    322 |    322 |      0 |      4 |      0 |   1 |  322.0 |
               +--------+--------+--------+--------+--------+-----+--------+

Top non-repeatable levels by time:
     D:8: 1632 daAuts
     D:1: 1297 daAuts
     D:6: 1239 daAuts
     D:2: 1156 daAuts
     D:9: 1075 daAuts
     D:7: 956 daAuts
 Abyss:2: 906 daAuts
     D:5: 890 daAuts
    D:10: 796 daAuts
     D:4: 700 daAuts
    D:11: 697 daAuts
     D:3: 458 daAuts
  Bailey: 322 daAuts
 Abyss:3: 271 daAuts
   Sewer: 123 daAuts
